 Dungeon Crawl Stone Soup version 0.31-a0-277-g31ea1f65cc (webtiles) character file.

Game seed: 15550464181229438321

8113 pokeman the Thaumaturge (level 11, -12/58 (61) HPs)
             Began as a Deep Elf Hedge Wizard on July 15, 2023.
             Was a Believer of Vehumet.
             Killed from afar by Josephine (28 damage)
             ... with a ghostly fireball
             ... on level 10 of the Dungeon.
             The game lasted 00:35:15 (12863 turns).

pokeman the Thaumaturge (Deep Elf Hedge Wizard)    Turns: 12863, Time: 00:35:16

HP:   -12/58 (61)   AC:  4    Str:  7    XL:     11   Next: 5%
MP:   31/31         EV: 13    Int: 24    God:    Vehumet [**....]
Gold: 781           SH:  0    Dex: 14    Spells: 22/38 levels left

rFire   . . .        N - +0 short sword (venom)
rCold   . . .        (no shield)
rNeg    . . .        b - +0 robe
rPois   .            s - +0 helmet
rElec   .            H - +0 cloak
rCorr   .            (no gloves)
SInv    .            (no boots)
Will    +....        n - amulet of magic regeneration
Stlth   ++           F - +4 ring of slaying
HPRegen 0.29/turn    G - +4 ring of slaying
MPRegen 0.62/turn

%: no passive effects
@: lightly drained
A: no striking features
a: Renounce Religion


You were on level 10 of the Dungeon.
You worshipped Vehumet.
Vehumet was pleased with you.
You visited 2 branches of the dungeon, and saw 11 of its levels.
You also visited: Ossuary.

You collected 781 gold pieces.

Inventory:

Hand Weapons
 a - a +0 whip of electrocution
 N - a +0 short sword of venom (weapon)
Missiles
 q - a throwing net
 P - a curare-tipped dart
Armour
 b - a +0 robe (worn)
 s - a +0 helmet (worn)
 H - a +0 cloak (worn)
 I - +0 swamp dragon scales
Magical Staves
 g - a staff of air
Jewellery
 n - an amulet of magic regeneration (around neck)
 F - a +4 ring of slaying (left hand)
 G - a +4 ring of slaying (right hand)
 O - an amulet of reflection
Wands
 o - a wand of paralysis (17)
 p - a wand of mindburst (4)
 E - a wand of digging (8)
 K - a wand of polymorph (4)
 L - a wand of flame (11)
 Q - a wand of roots (2)
Scrolls
 c - a scroll of acquirement {unknown}
 e - 14 scrolls of identify {unknown}
 j - 7 scrolls of teleportation {unknown}
 k - 2 scrolls of enchant armour {unknown}
 r - 5 scrolls of fog {unknown}
 t - a scroll of immolation {unknown}
 u - a scroll of brand weapon {unknown}
 x - 3 scrolls of enchant weapon {unknown}
 y - 2 scrolls of fear {unknown}
 J - a scroll of silence {unknown}
 M - a scroll of poison {unknown}
Potions
 d - 3 potions of magic
 f - 7 potions of curing
 h - 7 potions of heal wounds {unknown}
 i - a potion of invisibility {unknown}
 l - 3 potions of mutation {unknown}
 m - 2 potions of ambrosia {unknown}
 v - a potion of brilliance {unknown}
 w - 2 potions of might {unknown}
 z - 2 potions of lignification {unknown}
 A - 2 potions of degeneration {unknown}
 B - 4 potions of enlightenment {unknown}
 C - 2 potions of attraction {unknown}
 D - a potion of haste {unknown}


   Skills:
 - Level 4.0 Fighting
 + Level 4.3 Armour
 - Level 3.0 Dodging
 - Level 3.1 Stealth
 * Level 14.3 Spellcasting
 + Level 9.0 Conjurations
 - Level 5.1 Summonings
 - Level 1.1 Translocations
 + Level 4.0 Fire Magic
 - Level 3.0 Air Magic
 - Level 2.3 Poison Magic
 - Level 1.0 Evocations


You had 22 spell levels left.
You knew the following spells:

 Your Spells              Type           Power      Damage    Failure   Level
a - Magic Dart            Conj           100%       1d8       1%          1
b - Mephitic Cloud        Conj/Pois/Air  40%        N/A       1%          3
c - Call Imp              Summ           82%        N/A       1%          2
d - Blink                 Tloc           44%        N/A       3%          2
e - Ignition              Fire           18%        3d7       100%        8

Your spell library contained the following spells:

 Spells                   Type           Power      Damage    Failure   Level
 Scorch                   Fire           72%        2d8       1%          2
 Cigotuvi's Dreadful Rot  Necr/Pois/Air  50%        N/A       2%          2
 Slow                     Hex            68%        N/A       3%          1
 Olgreb's Toxic Radiance  Pois           28%        N/A       13%         4
 Discord                  Hex            8%         N/A       100%        8


Dungeon Overview and Level Annotations

Branches:
Dungeon (10/15)            Temple (1/1) D:7            Lair (0/5) D:10
    Orc (0/2) D:10        Ossuary (visited)

Altars:
Ashenzari
Cheibriados
Dithmenos
Elyvilon
Fedhas
Gozag
Hepliaklqana
Kikubaaqudgha
Makhleb
Nemelex Xobeh
Okawaru
Qazlal
Ru
Sif Muna
Trog
Uskayaw
Vehumet
Wu Jian
Xom
Yredelemnul
Zin
The Shining One

Annotations:
D:8 Erica, Gastronok
D:10 Josephine


Message History

Aiming: Mephitic Cloud (safe; 1% risk of failure)
Press: ? - help, Shift-Dir - straight line The ball explodes into a vile cloud!
The stinking cloud engulfs the two-headed ogre but does no damage.
The two-headed ogre is engulfed in noxious fumes.
The two-headed ogre appears confused.
The two-headed ogre barely misses something. x2
Unknown command.
The two-headed ogre is engulfed in noxious fumes.
The two-headed ogre appears confused.
The two-headed ogre is engulfed in noxious fumes.
The two-headed ogre appears confused.
Aiming: Mindburst
Press: ? - help, Shift-Dir - straight line, f - wraith
Aim: a wraith (noxious fumes, heavily damaged, chance to affect: 34%)
The wraith's mind is blasted!!
You blow up the wraith!
Vehumet accepts your kill.
The two-headed ogre is engulfed in noxious fumes.
The two-headed ogre appears confused.
Your life force feels restored.
Your Conjurations skill increases to level 9!
Your Fire Magic skill increases to level 4!
You feel yourself speed up.
The two-headed ogre grins madly.
There is a stone staircase leading up here.
Aiming: Fastroot
Press: ? - help, Shift-Dir - straight line The roots erupt in riotous growth!
Roots grab the two-headed ogre.
Josephine shouts!
Roots grab Josephine.
The grasping roots constrict the two-headed ogre.
The grasping roots constrict Josephine.
The two-headed ogre struggles to escape constriction.
Josephine screams, "I'll use your head as a decoration in my hut!"
Josephine gestures at you while chanting.
The ghostly flame explodes!
The ghostly fireball engulfs you!!
You feel drained.
You die...

####### #########
#.....# #.......#
#.....######.......# #
#......@..##.).....#####
#.O...###..#.......##..'
#.....# ##.+.......'..##
#..@..# ###.......#####
###.### #####'### # #.#
#)# # #.# #)# ##W# #.###
#..# #.).##


You could see Josephine (rooted) and a two-headed ogre (confused, rooted).

Vanquished Creatures
  A two-headed ogre (D:10)
  Maurice (D:8)
  Maggie (D:8)
  A troll (D:10)
  2 hornets
  Sigmund (D:4)
  A vampire (D:10)
  2 wraiths (D:10)
  2 wyverns
  11 yaks
  2 wargs (D:10)
  Duvessa (D:4)
  3 orc warriors
  A sky beast (D:7)
  A black bear (D:5)
  2 ogres (D:4)
  5 centaurs
  2 phantoms
  A bullfrog (D:7)
  A kobold brigand (D:10)
  A scorpion (Temple)
  3 wights
  Dowan (D:4)
  8 killer bees (D:8)
  2 jellies
  A gnoll bouda (D:9)
  3 hounds
  12 orc priests
  3 iguanas
  Natasha (thrice) (D:4)
  8 orc wizards
  8 mummies (Ossuary)
  Robin (D:3)
  10 adders
  11 gnolls
  2 shadow imps (D:4)
  2 ufetubi (D:5)
  3 worms
  2 dart slugs
  45 orcs
  A ball python (D:1)
  7 endoplasms
  6 giant cockroaches
  14 goblins
  11 hobgoblins
  6 jackals
  5 quokkas
  5 bats
  A frilled lizard (D:1)
  8 kobolds
  5 kobold zombies (Ossuary)
  3 orc zombies (Ossuary)
  9 rats
252 creatures vanquished.

Vanquished Creatures (collateral kills)
  A wraith (D:10)
  A wight (D:7)
  An orc (D:2)
  An endoplasm (D:4)
4 creatures vanquished.

Grand Total: 256 creatures vanquished

Notes
Turn   | Place    | Note
-------+----------+-------------------------------------------
     0 | D:1      | pokeman the Deep Elf Hedge Wizard began the quest for the
                  | Orb.
     0 | D:1      | Reached XP level 1. HP: 10/10 MP: 7/7
   357 | D:1      | Reached XP level 2. HP: 16/16 MP: 4/9
   671 | D:1      | Reached skill level 5 in Spellcasting
   889 | D:1      | Reached XP level 3. HP: 20/20 MP: 7/11
   895 | D:1      | Learned a level 3 spell: Mephitic Cloud
   898 | D:1      | Learned a level 2 spell: Call Imp
   913 | D:1      | Learned a level 2 spell: Blink
  1469 | D:2      | Reached skill level 1 in Fighting
  1469 | D:2      | Reached skill level 1 in Armour
  2068 | D:2      | Reached XP level 4. HP: 25/25 MP: 4/13
  3072 | D:3      | Reached XP level 5. HP: 27/29 MP: 10/15
  3119 | D:3      | Reached skill level 6 in Spellcasting
  3741 | D:4      | Reached skill level 1 in Air Magic
  3750 | D:4      | Noticed Robin
  3876 | D:4      | Reached skill level 1 in Evocations
  3892 | D:3      | Reached skill level 1 in Poison Magic
  3920 | D:3      | Killed Robin
  3996 | D:4      | Found a transporter.
  4056 | D:4      | Reached XP level 6. HP: 34/34 MP: 17/17
  4325 | D:4      | Reached skill level 7 in Spellcasting
  4432 | D:4      | Found a transporter.
  4516 | D:4      | Noticed Duvessa
  4516 | D:4      | Noticed Dowan
  4533 | D:4      | Killed Duvessa
  4561 | D:4      | Killed Dowan
  4562 | D:4      | Reached XP level 7. HP: 7/39 MP: 17/20
  4740 | D:4      | Noticed Natasha
  4740 | D:4      | Noticed Sigmund
  4911 | D:4      | Killed Natasha
  4912 | D:4      | Reached skill level 8 in Spellcasting
  4927 | D:4      | Killed Sigmund
  4928 | D:4      | Reached skill level 5 in Conjurations
  5345 | D:4      | Noticed Natasha
  5468 | D:4      | Killed Natasha
  5733 | D:4      | Noticed Natasha
  5742 | D:4      | Killed Natasha
  5743 | D:4      | Reached XP level 8. HP: 44/44 MP: 22/22
  5785 | D:5      | Entered Level 5 of the Dungeon
  6608 | D:5      | Reached skill level 9 in Spellcasting
  7177 | D:6      | Found a sand-covered staircase.
  7186 | Ossuary  | Entered an ossuary
  8214 | D:7      | Reached skill level 10 in Spellcasting
  8312 | D:7      | Found a staircase to the Ecumenical Temple.
  8320 | Temple   | Entered the Ecumenical Temple
  8427 | Temple   | Became a worshipper of Vehumet
  8650 | D:7      | Reached XP level 9. HP: 18/48 MP: 20/25
  8981 | D:7      | Paralysed by a hornet for 3 turns
  8987 | D:7      | HP: 2/48 [poisoned by a hornet]
  9439 | D:8      | Noticed Erica
  9655 | D:8      | Noticed Maurice
  9668 | D:8      | Reached skill level 11 in Spellcasting
  9676 | D:8      | Paralysed by Maurice for 5 turns
  9726 | D:8      | Killed Maurice
  9949 | D:8      | Reached skill level 12 in Spellcasting
  9962 | D:8      | Reached * piety under Vehumet
  9962 | D:8      | Offered knowledge of Freeze by Vehumet.
  9977 | D:8      | Reached XP level 10. HP: 22/56 MP: 26/28
 10284 | D:8      | Noticed Maggie
 10313 | D:8      | Killed Maggie
 10314 | D:8      | Reached skill level 5 in Summonings
 10401 | D:8      | Learned a level 8 spell: Ignition
 10424 | D:8      | Noticed Gastronok
 10612 | D:8      | Reached skill level 1 in Fire Magic
 10862 | D:9      | Reached skill level 13 in Spellcasting
 11359 | D:10     | Entered Level 10 of the Dungeon
 11580 | D:10     | Found a staircase to the Lair.
 11753 | D:10     | Found a staircase to the Orcish Mines.
 11947 | D:10     | Reached ** piety under Vehumet
 11953 | D:10     | Offered knowledge of Scorch by Vehumet.
 12013 | D:10     | Found a shimmering blue altar of Sif Muna.
 12314 | D:10     | Noticed a two-headed ogre
 12330 | D:10     | Killed a two-headed ogre
 12509 | D:10     | Reached skill level 14 in Spellcasting
 12674 | D:10     | Reached XP level 11. HP: 38/61 MP: 31/31
 12802 | D:10     | Noticed a two-headed ogre
 12805 | D:10     | Noticed a two-headed ogre
 12809 | D:10     | Noticed Josephine
 12863 | D:10     | Killed from afar by Josephine

Illustrated notes

Levels and vault maps discovered:
D:1:      heliophobic_arrival_ceremonial_halls, layout_basic,
          minmay_small_reverse_x
D:2:      layout_loops_corners, serial_rivers, chequers_serial_rivers_micro_e,
          chequers_serial_rivers_small_a, chequers_serial_rivers_micro_c,
          chequers_serial_rivers_micro_e, chequers_serial_rivers_marsh,
          nicolae_hexahallways, serial_park_tiny_pond, minmay_pentomino_r2
D:3:      layout_loops_corners, kennysheep_generic_room_8
D:4:      gammafunk_wand_slinger, layout_basic, st_stairs_1, uniq_natasha,
          uniq_duvessa, uniq_robin, uniq_sigmund
D:5:      layout_loops_corners, grunt_ministairs_12
D:6:      layout_loops_corners, nicolae_ossuary_entry_monument
D:7:      layout_basic, minmay_temple_entry_statues_fountains
D:8:      layout_basic, uniq_erica, uniq_maurice, uniq_gastronok, uniq_maggie
D:9:      layout_rooms
D:10:     layout_roguey, led_sif_pool, erik_lair_orcish_takeover, david_orc_2,
          nzn_random_ring, uniq_josephine
Temple:   compressed_dpeg_triangle_lava_temple

Skill      XL: |  1  2  3  4  5  6  7  8  9 10 11 |
---------------+----------------------------------+-----
Spellcasting   | 5 6 7 8 10 12 14 | 14.3
Fighting       | 1 2 3 4 |  4.0
Armour         | 1 2 3 4 |  4.3
Conjurations   | 2 3 5 6 7 8 9 |  9.0
Dodging        | 3 |  3.0
Stealth        | 3 |  3.1
Air Magic      | 1 2 3 |  3.0
Evocations     | 1 |  1.0
Poison Magic   | 1 2 |  2.3
Summonings     | 3 4 5 |  5.1
Fire Magic     | 3 4 |  4.0
Translocations | |  1.1

Action                     |  1- 3 |  4- 6 |  7- 9 | 10-12 || total
---------------------------+-------+-------+-------+-------++-------
  Melee: Dagger            |     6 |       |       |       ||     6
         Flail             |       |     3 |       |       ||     3
         Whip              |       |    47 |   103 |    56 ||   206
         Short sword       |       |       |       |    38 ||    38
         Punch             |       |       |       |     2 ||     2
   Cast: Magic Dart        |   119 |   137 |   306 |    83 ||   645
         Call Imp          |       |     3 |     8 |     4 ||    15
         Mephitic Cloud    |       |    11 |    45 |    38 ||    94
         Blink             |       |     4 |     5 |     3 ||    12
  Evoke: Wand              |       |       |     3 |    37 ||    40
    Use: Potion            |       |       |     1 |       ||     1
   Stab: Confused          |       |     3 |    11 |    14 ||    28
         Paralysed         |       |       |       |    13 ||    13
 Armour: Robe              |     5 |    18 |    19 |     9 ||    51
  Dodge: Dodged            |    17 |    62 |   128 |    49 ||   256

Table legend: (Time is in decaauts)
 A = Elapsed time spent in this place.
 B = Non-inter-level travel time spent in this place.
 C = Inter-level travel time spent in this place.
 D = Time resting spent in this place.
 E = Time spent auto-exploring this place.
 F = Levels seen in this place.
 G = Mean time per level.
                   A        B        C        D        E       F      G
               +--------+--------+--------+--------+--------+-----+--------+
         Total |  12904 |  12446 |    458 |    845 |   9071 |  12 | 1075.3 |
       Dungeon |  12284 |  11844 |    440 |    712 |   8807 |  10 | 1228.4 |
        Temple |    317 |    299 |     18 |    133 |     86 |   1 |  317.0 |
       Ossuary |    302 |    302 |      0 |      0 |    178 |   1 |  302.0 |
               +--------+--------+--------+--------+--------+-----+--------+

Top non-repeatable levels by time:
     D:4: 1825 daAuts
    D:10: 1512 daAuts
     D:2: 1372 daAuts
     D:1: 1368 daAuts
     D:3: 1236 daAuts
     D:8: 1216 daAuts
     D:5: 1154 daAuts
     D:7: 1011 daAuts
     D:6: 901 daAuts
     D:9: 686 daAuts
  Temple: 317 daAuts
 Ossuary: 302 daAuts
